 Dungeon Crawl Stone Soup version 0.30-a0-1160-g6e42c06551 (webtiles) character file.

Game seed: 6422376439334167457

96 Ahpoh the Slasher (level 4, -1/24 HPs)
             Began as a Vine Stalker Berserker on Apr 26, 2023.
             Was a Follower of Trog.
             Constricted to death by Natasha (3 damage)
             ... on level 2 of the Dungeon.
             The game lasted 00:06:26 (1183 turns).

Ahpoh the Slasher (Vine Stalker Berserker)          Turns: 1183, Time: 00:06:26

Health: -1/24      AC:  5    Str: 20    XL:     4   Next: 67%
Magic:  0/5        EV:  5    Int:  7    God:    Trog [*.....]
Gold:   66         SH: 11    Dex: 15    Spells: 3/3 levels left

rFire   . . .        a - +0 falchion
rCold   . . .        h - +0 tower shield
rNeg    . . .        i - +0 ring mail
rPois   .            (no helmet)
rElec   .            (no cloak)
rCorr   .            (no gloves)
SInv    +            (no boots)
Will    .....        j - amulet of magic regeneration
Stlth   +            g - ring of see invisible
HPRegen 1.04/turn    (no ring)
MPRegen 0.49/turn

%: guardian spirit
@: grasped by roots, on berserk cooldown, slowed, constricted, very slow
A: fangs 2, regeneration 1, magic shield, antimagic bite, no potion heal 2
a: Renounce Religion, Berserk


You were on level 2 of the Dungeon.
You worshipped Trog.
Trog was aware of your devotion.
You visited 1 branch of the dungeon, and saw 2 of its levels.

You collected 66 gold pieces.

Inventory:

Hand Weapons
 a - a +0 falchion (weapon)
Armour
 b - a +0 animal skin
 h - a +0 tower shield (worn)
 i - a +0 ring mail (worn)
Jewellery
 c - an amulet of faith
 g - a ring of see invisible (left hand)
 j - an amulet of magic regeneration (around neck)
Scrolls
 e - a scroll of teleportation {unknown}
 k - a scroll of identify {unknown}
Potions
 d - a potion of might {unknown}
 f - a potion of ambrosia {unknown}
 l - a potion of magic {unknown}


   Skills:
 + Level 3.3 Fighting
 + Level 3.8 Long Blades
 + Level 1.6 Armour
 + Level 2.2 Dodging


You had 3 spell levels left.
You didn't know any spells.
Your spell library was empty.

Dungeon Overview and Level Annotations

Branches:
Dungeon (2/15)

Altars:

Annotations:
D:2 Natasha


Innate Abilities, Weirdness & Mutations

You have extremely sharp teeth.
Your natural rate of healing is unusually fast.
When hurt, damage is shared between your health and your magic reserves.
Your bite disrupts and absorbs the magic of your enemies.
Potions cannot restore your health.


Message History

Trog accepts your kill. The gnoll barely misses you.
You block the gnoll's attack. The gnoll hits you with a +0 halberd!
The gnoll hits you with a +0 halberd.
You hit the gnoll.
The gnoll is heavily wounded.
The gnoll barely misses you. The gnoll closely misses you.
You closely miss the gnoll. You bite the gnoll, but do no damage.
The gnoll is heavily wounded.
You block the gnoll's attack. The gnoll barely misses you.
You hit the gnoll.
The gnoll is severely wounded.
The gnoll closely misses you. The gnoll barely misses you.
You hit the gnoll. Your bite misses the gnoll.
The gnoll is severely wounded.
The gnoll hits you with a +0 halberd! The gnoll barely misses you.
Natasha, Servant of Life and Death comes into view.
She is carrying a wand of roots (4).
You closely miss the gnoll. Your bite misses the gnoll.
The gnoll is severely wounded.
You block the gnoll's attack. x2
Natasha mumbles some strange words.
You barely miss the gnoll. You bite the gnoll, but do no damage.
The gnoll is severely wounded.
The gnoll hits you with a +0 halberd! The gnoll closely misses you.
Natasha zaps a wand.
The roots erupt in riotous growth!
The gnoll is unaffected.
The grasping roots grab you! The grasping roots constrict you.
* * * LOW HITPOINT WARNING * * *
The gnoll barely misses you.
Okay, then.
You hit the gnoll but do no damage.
The gnoll is severely wounded.
The grasping roots constrict you.
* * * LOW HITPOINT WARNING * * *
You block the gnoll's attack.
Natasha mewls in sadness.
The grasping roots constrict you.
* * * LOW HITPOINT WARNING * * *
You block the gnoll's attack. The grasping roots constrict you.
You die...

######.....#
#.........## .
#.........# ..
#.....)...# ...
#.......††# ....
#.........# .....
#...).....#
.....h#.†.......#
.....5g@........#
................#
................#
................#
.........########
.......#.#
.......#..
.......###


You could see Natasha, a gnoll and a cerulean imp (summoned).

Vanquished Creatures
  Natasha (twice) (D:2)
  2 gnolls (D:2)
  A dart slug (D:1)
  An endoplasm (D:1)
  2 giant cockroaches
  3 goblins
  2 hobgoblins
  A quokka (D:1)
  6 ball pythons
  3 bats
  2 frilled lizards (D:1)
  2 rats (D:1)
27 creatures vanquished.

Notes
Turn   | Place    | Note
-------+----------+-------------------------------------------
     0 | D:1      | Ahpoh the Vine Stalker Berserker began the quest for the
                  | Orb.
     0 | D:1      | Reached XP level 1. HP: 11/11 MP: 2/2
   310 | D:1      | Reached XP level 2. HP: 16/16 MP: 3/3
   975 | D:2      | Noticed Natasha
   982 | D:2      | Killed Natasha
   983 | D:2      | Reached XP level 3. HP: 10/20 MP: 4/4
  1155 | D:2      | Noticed Natasha
  1162 | D:2      | Killed Natasha
  1163 | D:2      | Gained mutation: Your natural rate of healing is unusually
                  | fast. [Vine Stalker growth]
  1163 | D:2      | Reached XP level 4. HP: 24/24 MP: 5/5
  1180 | D:2      | Noticed Natasha
  1183 | D:2      | Constricted to death by Natasha

Illustrated notes

Levels and vault maps discovered:
D:1:      saegor_arrival_simple_b, layout_basic
D:2:      layout_basic, uniq_natasha

Skill      XL: |  1  2 |
---------------+-------+-----
Long Blades    | 3 |  3.8
Fighting       | 3 |  3.3
Dodging        | 2 |  2.2
Armour         | |  1.6

Action                     |  1- 3 |  4- 6 || total
---------------------------+-------+-------++-------
  Melee: Falchion          |    73 |    14 ||    87
         Bite              |    12 |     6 ||    18
 Invoke: Berserk           |     2 |       ||     2
 Armour: Animal skin       |     7 |       ||     7
         Ring mail         |    15 |     2 ||    17
  Dodge: Dodged            |    42 |    12 ||    54
  Block: Tower shield      |    20 |    12 ||    32

Table legend: (Time is in decaauts)
 A = Elapsed time spent in this place.
 B = Non-inter-level travel time spent in this place.
 C = Inter-level travel time spent in this place.
 D = Time resting spent in this place.
 E = Time spent auto-exploring this place.
 F = Levels seen in this place.
 G = Mean time per level.
                   A        B        C        D        E       F      G
               +--------+--------+--------+--------+--------+-----+--------+
         Total |   1229 |   1196 |     33 |     59 |    821 |   2 |  614.5 |
       Dungeon |   1229 |   1196 |     33 |     59 |    821 |   2 |  614.5 |
               +--------+--------+--------+--------+--------+-----+--------+

Top non-repeatable levels by time:
     D:1: 903 daAuts
     D:2: 325 daAuts
